 Dungeon Crawl Stone Soup version 0.30.0-29-ga12c61a403 (webtiles) character file.

Game seed: 2839103010464801283

3684 cheesebisquit the Grappler (level 9, -3/92 HPs)
             Began as a Troll Fighter on June 11, 2023.
             Was a Follower of Wu Jian.
             Slain by Psyche
             ... wielding a +2 dagger of chaos
              (13 damage)
             ... on level 8 of the Dungeon.
             The game lasted 00:19:05 (7239 turns).

cheesebisquit the Grappler (Troll Fighter)          Turns: 7239, Time: 00:19:05

Health: -3/92      AC:  4    Str: 26    XL:     9   Next: 90%
Magic:  8/8        EV:  9    Int:  8    God:    Wu Jian [*.....]
Gold:   139        SH:  0    Dex:  9    Spells: 8/8 levels left

rFire   . .          .
                       - Unarmed
rCold   . . .        b - +2 kite shield
rNeg    . . .        a - +0 robe
rPois   .            (helmet restricted)
rElec   .            (no cloak)
rCorr   .            (gloves unavailable)
SInv    .            (boots unavailable)
Will    .....        G - amulet of the acrobat
Stlth   +            (no ring)
HPRegen 1.15/turn    (no ring)
MPRegen 0.11/turn

%: acrobat
@: confused, mighty, lethally poisoned (-3 -> -4), ambrosia-drunk
A: large, unfitting armour, claws 3, regeneration 1, shaggy fur 1, tough skin 1
a: Renounce Religion


You were on level 8 of the Dungeon.
You worshipped Wu Jian.
Wu Jian was aware of your devotion.
You visited 2 branches of the dungeon, and saw 9 of its levels.

You collected 451 gold pieces.
You spent 312 gold pieces at shops.

Inventory:

Hand Weapons
 s - a +2 giant spiked club
Missiles
 c - 4 boomerangs
 d - 20 poisoned darts (quivered)
 H - 2 javelins
Armour
 a - a +0 robe (worn)
 b - a +2 kite shield (worn)
Jewellery
 e - a ring of fire
 t - a ring of magical power
 v - the amulet "Seaset" {RegenMP +Inv rC- Dex+3}
   (You found it on level 3 of the Dungeon)

   [amulet of magic regeneration]

   It increases your rate of magic regeneration.
   Dex:       It affects your dexterity (+3).
   rC:        It makes you vulnerable to cold.
   +Inv:      It lets you turn invisible.
 C - an amulet of faith
 G - an amulet of the acrobat (around neck)
 I - a ring of wizardry
Wands
 r - a wand of flame (22)
 B - a wand of roots (1)
Scrolls
 f - a scroll of immolation
 g - a scroll of blinking
 j - a scroll of vulnerability
 l - a scroll of torment {unknown}
 o - 2 scrolls of fog
 p - 5 scrolls of teleportation
 q - a scroll of poison {unknown}
 u - a scroll of brand weapon {unknown}
 y - a scroll of silence
 D - a scroll of magic mapping
Potions
 h - 2 potions of lignification
 i - 2 potions of mutation
 m - a potion of attraction {unknown}
 w - 2 potions of magic
 x - a potion of haste {unknown}
 z - 2 potions of flight
 A - a potion of heal wounds {unknown}
 E - 2 potions of brilliance {unknown}


   Skills:
 + Level 6.4 Fighting
 + Level 2.5 Dodging
 + Level 7.0 Shields
 * Level 10.3 Unarmed Combat


You had 8 spell levels left.
You didn't know any spells.
Your spell library contained the following spells:

 Spells                   Type           Power      Damage    Failure   Level
 Apportation              Tloc           0%         N/A       63%         1
 Poisonous Vapours        Pois/Air       0%         N/A       77%         2
 Gell's Gravitas          Tloc           0%         N/A       94%         3
 Portal Projectile        Hex/Tloc       0%         N/A       94%         3
 Tukima's Dance           Hex            0%         N/A       94%         3
 Blade Hands              Tmut           0%         N/A       100%        5
 Silence                  Hex/Air        0%         N/A       100%        5


Dungeon Overview and Level Annotations

Branches:
Dungeon (8/15)             Temple (1/1) D:4
   Lair: D:8-11

Altars:
Ashenzari
Cheibriados
Dithmenos
Elyvilon
Hepliaklqana
Kikubaaqudgha
Makhleb
Nemelex Xobeh
Ru
Sif Muna
Trog
Uskayaw
Vehumet
Wu Jian
Xom
Yredelemnul
Zin
The Shining One

Shops:
D:5 ?

Annotations:
D:5 Sigmund
D:8 Psyche


Innate Abilities, Weirdness & Mutations

You are too large for most types of armour.
You have claws for hands.
Your natural rate of healing is unusually fast.
You are covered in fur. (AC +1)
You have tough skin. (AC +1)


Message History

You are poisoned.
You are confused.
You feel invigorated.
You feel very sick.
You hear some strange, mumbled words.
You miss something.
You feel very sick. Something hits you!
* * * LOW HITPOINT WARNING * * *
Something freezes you.
* * * LOW HITPOINT WARNING * * *
Something hits you.
* * * LOW HITPOINT WARNING * * *
Something burns you.
* * * LOW HITPOINT WARNING * * *
You feel very mighty all of a sudden.
You feel very sick. Something hits you.
* * * LOW HITPOINT WARNING * * *
Something burns you.
* * * LOW HITPOINT WARNING * * *
You claw something!
You feel very sick.
You hear a howl!
Something hits you but does no damage.
A howler monkey comes into view.
You completely miss something.
You feel sick. Something hits you.
* * * LOW HITPOINT WARNING * * *
You bump into the rock wall.
You feel sick. Something hits you!
* * * LOW HITPOINT WARNING * * *
The howler monkey hoots and howls with incredible vigour!
You hear some strange, mumbled words.
A swirling arc of seething chaos appears!
An arc of chaos appears from out of thin air!
The arc of chaos hits the bullfrog. x2; The bullfrog is drained!
You hear a roar!
You bump into the rock wall.
You feel sick. Something hits you.
* * * LOW HITPOINT WARNING * * *
You are electrocuted!
You die...

##.
...........<
... ###
.............
.{ +.#
######........
.F#.#.#
#........ .#.#.
#........ .h.
.........
#>....# #F#
##### #.....#
#{# ♣♣.♣♣
#.....# #@#
♣.♣.♣# #.....#
#.# ♣.♣.♣#
#.....# #.#
#.♣♣♣s#
#.....### #.#
#. ♣Y#
#.......####.#
#. ♣.#
#.#.....'.##.#
.♣.♣.♣.♣
##'#.....#.##.#
....Y...
#.....####.##.#
.♣.♣.♣.♣
#.....# #....#
#. ♣.#


You could see a bullfrog (drained) and a howler monkey (catching breath).

Vanquished Creatures
  Pikel (D:6)
  A yak (D:8)
  A steam dragon (D:8)
  A water moccasin (D:5)
  5 ice beasts
  2 orc warriors
  2 black bears
  A sky beast (D:7)
  3 ogres
  2 centaurs (D:6)
  2 lemures (D:6)
  A phantom (D:7)
  A kobold brigand (D:7)
  2 scorpions
  2 bullfrogs (D:8)
  2 wights
  4 howler monkeys
  4 jellies
  2 orc priests
  3 gnoll boudas
  2 hounds (D:6)
  2 iguanas (D:5)
  A sleepcap (D:5)
  Ijyb (D:5)
  4 orc wizards (D:7)
  12 gnolls
  11 adders
  A shadow imp (D:8)
  3 white imps
  A worm (D:2)
  3 dart slugs
  24 orcs
  3 endoplasms
  9 giant cockroaches
  A goblin (D:1)
  9 hobgoblins
  10 jackals
  8 kobolds
  8 quokkas
  7 ball pythons
  5 bats
  3 frilled lizards
  7 rats
177 creatures vanquished.

Notes
Turn   | Place    | Note
-------+----------+-------------------------------------------
     0 | D:1      | cheesebisquit the Troll Fighter began the quest for the
                  | Orb.
     0 | D:1      | Reached XP level 1. HP: 22/22 MP: 0/0
    35 | D:1      | Reached XP level 2. HP: 29/29 MP: 1/1
   400 | D:1      | Reached XP level 3. HP: 36/36 MP: 2/2
   509 | D:1      | Reached skill level 3 in Unarmed Combat
  1291 | D:2      | Reached XP level 4. HP: 44/44 MP: 3/3
  1670 | D:3      | Found a hide-covered altar of Uskayaw.
  1672 | D:3      | You fall into a shaft and drop 3 floors!
  1683 | D:6      | Noticed an ice beast
  1691 | D:6      | Killed an ice beast
  1692 | D:6      | Reached skill level 4 in Unarmed Combat
  1692 | D:6      | Reached XP level 5. HP: 32/53 MP: 4/4
  1722 | D:6      | Noticed a centaur
  1734 | D:6      | Killed a centaur
  1805 | D:6      | Noticed a black bear
  1820 | D:6      | Killed a black bear
  1821 | D:6      | Reached XP level 6. HP: 13/61 MP: 5/5
  1877 | D:6      | Noticed an orc warrior
  1883 | D:6      | Killed an orc warrior
  1884 | D:6      | Reached skill level 5 in Unarmed Combat
  1963 | D:6      | Reached XP level 7. HP: 16/66 MP: 6/6
  2012 | D:5      | Entered Level 5 of the Dungeon
  2035 | D:5      | Noticed Ijyb
  2042 | D:5      | Noticed Sigmund
  2051 | D:5      | Killed Ijyb
  2052 | D:5      | Reached skill level 6 in Unarmed Combat
  2232 | D:3      | Identified the amulet "Seaset" {RegenMP +Inv rC- Dex+3}
  2303 | D:3      | Found a burning altar of Makhleb.
  2400 | D:3      | Got the Excursus on Direction and Breath
  3017 | D:4      | Reached skill level 5 in Shields
  3026 | D:4      | Reached XP level 8. HP: 77/79 MP: 7/7
  3109 | D:4      | Reached skill level 7 in Unarmed Combat
  3457 | D:4      | Found a staircase to the Ecumenical Temple.
  3499 | Temple   | Entered the Ecumenical Temple
  3948 | D:5      | Found Qolepenu's Magic Scroll Shoppe.
  3958 | D:5      | Bought a scroll of identify for 24 gold pieces
  3958 | D:5      | Bought a scroll of fog for 48 gold pieces
  3958 | D:5      | Bought a scroll of blinking for 90 gold pieces
  3958 | D:5      | Bought a scroll of identify for 24 gold pieces
  3958 | D:5      | Bought a scroll of teleportation for 36 gold pieces
  4426 | D:6      | Reached skill level 5 in Fighting
  4445 | D:6      | Reached skill level 8 in Unarmed Combat
  4575 | D:6      | Found an ornate altar of the Wu Jian Council.
  4578 | D:6      | Became a worshipper of the Wu Jian Council
  4694 | D:6      | Found a white marble altar of Elyvilon.
  5005 | D:5      | Bought a scroll of magic mapping for 90 gold pieces
  5048 | D:6      | Noticed Pikel
  5063 | D:6      | Killed Pikel
  5064 | D:6      | Reached XP level 9. HP: 60/88 MP: 8/8
  5219 | D:6      | Found a white marble altar of Elyvilon.
  5418 | D:6      | Found an ornate altar of the Wu Jian Council.
  5907 | D:7      | Reached skill level 9 in Unarmed Combat
  6602 | D:8      | Reached * piety under Wu Jian
  6809 | D:8      | Reached skill level 10 in Unarmed Combat
  7036 | D:8      | Noticed an emperor scorpion
  7215 | D:8      | Noticed Psyche
  7239 | D:8      | Slain by Psyche

Illustrated notes

Levels and vault maps discovered:
D:1:      dpeg_arrival_prison, layout_loops_ring, minmay_misc_feat_roman
D:2:      layout_loops_corners
D:3:      layout_rooms, mainiacjoe_overflow_catwalk_spiral, st_stairs_7,
          nicolae_elevator_lobby_plus
D:4:      layout_basic, minmay_temple_entry_poolview, gup_sewer_entry_pipe
D:5:      layout_loops_ring, serial_shops, nicolae_diamond_shop, uniq_sigmund,
          uniq_ijyb
D:6:      layout_loops_ring, elyvilon_altar_5, kennysheep_mini_moat,
          amcnicky_mini_rare_corridor_liquid, hangedman_decor_slide_cut,
          st_stairs_3, fountainhead, uniq_pikel
D:7:      layout_loops_ring
D:8:      nzn_winding_woodlands_three_and_one
          [nzn_winding_woodlands_5x15_parted, nzn_winding_woodlands_5x15_eye,
          nzn_winding_woodlands_5x15_longhouse,
          nzn_winding_woodlands_center_diamonds], layout_basic, uniq_psyche
Temple:   nicolae_temple_two_arcs

Skill      XL: |  1  2  3  4  5  6  7  8  9 |
---------------+----------------------------+-----
Shields        | 3 4 5 6 7 |  7.0
Unarmed Combat | 3 4 5 6 8 10 | 10.3
Fighting       | 3 4 5 6 |  6.4
Dodging        | |  2.5

Action                     |  1- 3 |  4- 6 |  7- 9 || total
---------------------------+-------+-------+-------++-------
  Melee: Unarmed           |   111 |    56 |   362 ||   529
  Throw: Dart              |       |       |     9 ||     9
Ability: Lunge             |       |       |    19 ||    19
  Evoke: Wand              |       |       |     3 ||     3
    Use: Potion            |       |     1 |     6 ||     7
         Scroll            |       |       |    21 ||    21
   Stab: Sleeping          |     1 |       |     1 ||     2
         Distracted        |       |       |     1 ||     1
 Armour: Robe              |    52 |    25 |    43 ||   120
  Dodge: Dodged            |    43 |    30 |   108 ||   181
  Block: Kite shield       |    49 |    35 |   117 ||   201
